AoeStats
← Kafaarkasi

Arabia

509246188Analyzed
1v1 RM · 8d ago on Sep 26, 2026· 55m 43s· 2 players
Game mode
Random Map
Map size
Tiny (2 player)
Population
200
Speed
Normal
Resources
Standard
Victory
Conquest
Starting age
Dark Age
Ending age
Imperial Age
RankedLock teamsTeams togetherTeam positionsShared explorationLock speedFull tech treeHidden civsTurbo modeCheats
Victory
Defeat
🇨🇱 Romans · Chile
780
+17
🇹🇷 Bohemians · Türkiye
804
-17
11ucho
6:53 Loom
10:16 Feudal Age
11:30 Man-at-Arms
15:55 Scale Mail Armor
16:54 Horse Collar
17:02 Double-Bit Axe
19:01 Forging
20:49 Fletching
22:00 Scale Barding Armor
24:33 Castle Age
24:23 Bloodlines
25:16 Husbandry
25:44 Bow Saw
27:20 Chain Mail Armor
27:41 Iron Casting
29:22 Chain Barding Armor
28:31 Long Swordsman
29:13 Squires
29:58 Gold Mining
31:37 Heavy Plow
33:39 Ballistics
34:32 Wheelbarrow
35:10 Gold Shaft Mining
40:19 Imperial Age
42:36 Legionary
49:45 Capped Ram
51:13 Siege Ram
Kafaarkasi
5:38 Loom
11:13 Feudal Age
12:20 Double-Bit Axe
17:51 Horse Collar
21:38 Castle Age
21:11 Padded Archer Armor
21:02 Fletching
21:57 Crossbowman
22:56 Bow Saw
22:48 Heavy Plow
22:30 Crossbowman
23:28 Leather Archer Armor
23:08 Bodkin Arrow
26:15 Elite Skirmisher
27:40 Wheelbarrow
30:05 Chemistry
31:46 Hand Cart
34:34 Redemption
37:55 Imperial Age
39:14 Elite Hussite Wagon
41:11 Arbalester
41:14 Elite Skirmisher
42:55 Ballistics
45:07 Ring Archer Armor
44:37 Bracer
45:30 Siege Engineers
45:35 Masonry
47:00 Houfnice
49:53 Architecture
49:49 Conscription
50:58 Wagenburg Tactics
51:21 Block Printing
53:32 Pikeman
54:12 Squires
55:23 Halberdier
Connection lost

Rejoining the realm…

Still unreachable

The connection could not be restored.

Session expired

The server has moved on; the page needs a fresh start.